 Dungeon Crawl Stone Soup version 0.27.0-1-g7a089689b8 (webtiles) character file.

Game seed: 5310695223146324251

727961 robertstho the Merry Minotaur (level 27, -17/259 (273) HPs)
             Began as a Minotaur Hunter on Aug 16, 2021.
             Was the Champion of Okawaru.
             Killed from afar by a Brimstone Fiend (35 damage)
             ... with damnation
             ... created by the effects of Hell
             ... on level 1 of Gehenna.
             The game lasted 02:50:52 (92324 turns).

robertstho the Merry Minotaur (Minotaur Hunter)    Turns: 92324, Time: 02:50:52

HP:   -17/259 (273) AC: 41    Str: 21    XL:     27
MP:   33/33         EV: 12    Int:  8    God:    Okawaru [******]
Gold: 5409          SH:  5    Dex: 23    Spells: 26/26 levels left

rFire    + + +     SeeInvis +   d - +9 longbow (freeze)
rCold    . . .     Faith    .   (shield currently unavailable)
rNeg     + . .     Spirit   .   c - +5 gold dragon scales
rPois    +         Reflect  +   i - +2 hat {Stlth+}
rElec    .         Harm     .   v - scarf {repulsion}
rCorr    .         Rampage  .   D - +2 pair of gloves {archery}
Will     ++...     Clarity  +   M - +1 pair of boots "Ukhlatuc" {Dex+5}
Stlth    ..........             Q - amulet of reflection
HPRegen  0.53/turn              w - ring "Oshrath" {rF+ SInv}
MPRegen  0.23/turn              Z - ring of the Echidna {Fire rN+}

@: studying 2 skills, drained, repel missiles
A: horns 2, retaliatory headbutt, talons 1, clarity, low mp 1, screaming 1, weak
1, MP-powered wands
}: 4/15 runes: serpentine, barnacled, silver, abyssal
a: Renounce Religion, Heroism, Finesse


You were on level 1 of Gehenna.
You worshipped Okawaru.
Okawaru was exalted by your worship.
You visited 11 branches of the dungeon, and saw 51 of its levels.
You visited the Abyss 5 times.
You also visited: Ossuary, Bailey and Gauntlet.

You collected 8334 gold pieces.
You spent 2925 gold pieces at shops.

Inventory:

Hand Weapons
 d - a +9 longbow of freezing (weapon)
 N - the +8 mithril axe "Arga" {speed, Will+}
   (You found it on level 3 of the Elven Halls)

   Attacks with this weapon are significantly faster.
   Will:      It increases your willpower.
Missiles
 y - 443 arrows (quivered ammo)
Armour
 c - +5 gold dragon scales (worn)
 i - a +2 hat of stealth (worn)
 v - a scarf of repulsion (worn)
 z - the +2 pair of boots of the Princess {rC- rN+++ Dex-3 SInv}
   (Okawaru gifted it to you on level 3 of the Shoals)

   Dex:       It affects your dexterity (-3).
   rC:        It makes you vulnerable to cold.
   rN:        It renders you almost immune to negative energy.
   SInv:      It lets you see invisible.
 D - a +2 pair of gloves of archery (worn)
 M - the +1 pair of boots "Ukhlatuc" (worn) {Dex+5}
   (You found it in a Gauntlet)

   Dex:       It affects your dexterity (+5).
Jewellery
 h - the ring of Recklessness {rElec rCorr Int+2}
   (You found it on level 3 of the Elven Halls)

   [ring of resist corrosion]

   Int:       It affects your intelligence (+2).
   rElec:     It insulates you from electricity.
   rCorr:     It protects you from acid and corrosion.
 l - a ring of protection from fire
 q - a ring of flight
 w - the ring "Oshrath" (left hand) {rF+ SInv}
   (You found it on level 3 of the Elven Halls)

   [ring of see invisible]

   rF:        It protects you from fire.
   SInv:      It lets you see invisible.
 C - the ring of the Quahog {rPois rC+ rN+ Will+ Int+3}
   (You took it off a deep elf master archer on level 3 of the Elven Halls)

   [ring of protection from cold]

   Int:       It affects your intelligence (+3).
   rC:        It protects you from cold.
   rPois:     It protects you from poison.
   rN:        It protects you from negative energy.
   Will:      It increases your willpower.
 J - the ring "Qolot" {rPois rN+ Str+3 Slay+4}
   (You took it off a centaur on level 12 of the Dungeon)

   [ring of slaying]

   Str:       It affects your strength (+3).
   Slay:      It affects your accuracy & damage with ranged weapons and melee
   (+4).
   rPois:     It protects you from poison.
   rN:        It protects you from negative energy.
 K - a ring of positive energy
 Q - an amulet of reflection (around neck)
 Z - the ring of the Echidna (right hand) {Fire rN+}
   (You found it on level 6 of the Lair of Beasts)

   [ring of fire]

   It enhances your fire magic.
   rF:        It protects you from fire.
   rC:        It makes you vulnerable to cold.
   rN:        It protects you from negative energy.
Wands
 F - a wand of acid (14)
 P - a wand of mindburst (104)
 R - a wand of iceblast (86)
 X - a wand of digging (38)
Scrolls
 f - 14 scrolls of immolation
 g - 7 scrolls of fog
 n - 2 scrolls of enchant weapon
 o - 18 scrolls of teleportation
 p - 17 scrolls of magic mapping
 I - 8 scrolls of fear
 S - 3 scrolls of brand weapon
 T - 7 scrolls of holy word
 U - 9 scrolls of identify
 Y - 2 scrolls of silence
Potions
 b - 4 potions of berserk rage
 j - 13 potions of haste
 k - a potion of mutation
 m - 2 potions of invisibility
 s - 5 potions of resistance
 t - 6 potions of ambrosia
 u - 2 potions of heal wounds
 B - 12 potions of might
 E - 4 potions of cancellation
 G - 11 potions of curing
 V - 5 potions of flight
Miscellaneous
 r - a box of beasts
 H - a lightning rod (4/4)
 L - a phantom mirror
 O - a condenser vane


   Skills:
 O Level 27 Fighting
 + Level 1.0(2.1) Short Blades
 + Level 3.2(3.3) Long Blades
 + Level 2.6(3.0) Axes
 + Level 2.0(2.7) Maces & Flails
 O Level 27 Bows
 O Level 27 Armour
 + Level 9.5 Dodging
 + Level 5.6 Stealth
 + Level 22.3 Shields
 * Level 22.1 Invocations
 + Level 3.3 Evocations


You had 26 spell levels left.
You didn't know any spells.
Your spell library contained the following spells:

 Spells                   Type           Power      Damage    Failure   Level
 Animate Skeleton         Necr           0%         N/A       99%         1
 Apportation              Tloc           0%         N/A       99%         1
 Beastly Appendage        Tmut           0%         N/A       99%         1
 Corona                   Hex            0%         N/A       99%         1
 Foxfire                  Conj/Fire      0%         2x1d4     99%         1
 Freeze                   Ice            0%         1d3       99%         1
 Pain                     Necr           0%         1d4       99%         1
 Sandblast                Erth           0%         2d4       99%         1
 Shock                    Conj/Air       0%         1d3       99%         1
 Sting                    Tmut/Pois      0%         1d3       99%         1
 Summon Small Mammal      Summ           0%         N/A       99%         1
 Blink                    Tloc           N/A        N/A       99%         2
 Call Imp                 Summ           0%         N/A       99%         2
 Ensorcelled Hibernation  Hex/Ice        0%         N/A       99%         2
 Passwall                 Tmut/Erth      0%         N/A       99%         2
 Poisonous Vapours        Pois/Air       0%         N/A       99%         2
 Slow                     Hex            0%         N/A       99%         2
 Static Discharge         Conj/Air       0%         N/A       99%         2
 Sublimation of Blood     Necr           0%         N/A       99%         2
 Wereblood                Tmut           0%         N/A       99%         2
 Confusing Touch          Hex            0%         N/A       100%        3
 Dazzling Flash           Conj/Hex       0%         N/A       100%        3
 Frozen Ramparts          Ice            0%         1d2       100%        3
 Gell's Gravitas          Tloc           0%         N/A       100%        3
 Inner Flame              Hex/Fire       0%         N/A       100%        3
 Lesser Beckoning         Tloc           0%         N/A       100%        3
 Spider Form              Tmut/Pois      0%         N/A       100%        3
 Swiftness                Air            0%         N/A       100%        3
 Teleport Other           Tloc           0%         N/A       100%        3
 Tukima's Dance           Hex            0%         N/A       100%        3
 Vampiric Draining        Necr           0%         2d6       100%        3
 Airstrike                Air            0%         N/A       100%        4
 Cause Fear               Hex            0%         N/A       100%        4
 Dispel Undead            Necr           0%         3d6       100%        4
 Fulminant Prism          Conj/Hex       0%         3d6       100%        4
 Hailstorm                Conj/Ice       0%         3d3       100%        4
 Iskenderun's Mystic Bla  Conj/Tloc      0%         2d3       100%        4
 Leda's Liquefaction      Hex/Erth       0%         N/A       100%        4
 Olgreb's Toxic Radiance  Pois           0%         N/A       100%        4
 Passage of Golubria      Tloc           N/A        N/A       100%        4
 Sticky Flame             Conj/Fire      0%         2d3       100%        4
 Summon Ice Beast         Ice/Summ       0%         N/A       100%        4
 Summon Lightning Spire   Summ/Air       0%         N/A       100%        4
 Agony                    Necr           0%         N/A       100%        5
 Alistair's Intoxication  Tmut/Pois      0%         N/A       100%        5
 Blade Hands              Tmut           0%         N/A       100%        5
 Bolt of Magma            Conj/Fire/Erth 0%         4d4       100%        5
 Excruciating Wounds      Necr           0%         N/A       100%        5
 Fireball                 Conj/Fire      0%         3d3       100%        5
 Irradiate                Conj/Tmut      0%         3d14      100%        5
 Lee's Rapid Deconstruct  Erth           0%         3d5*      100%        5
 Lightning Bolt           Conj/Air       0%         1d11      100%        5
 Manifold Assault         Tloc           0%         N/A       100%        5
 Metabolic Englaciation   Hex/Ice        0%         N/A       100%        5
 Silence                  Hex/Air        0%         N/A       100%        5
 Summon Forest            Summ/Tloc      0%         N/A       100%        5
 Summon Mana Viper        Hex/Summ       0%         N/A       100%        5
 Yara's Violent Unravell  Hex/Tmut       0%         3d3       100%        5
 Dispersal                Tloc           0%         N/A       100%        6
 Eringya's Noxious Bog    Tmut/Pois      0%         N/A       100%        6
 Invisibility             Hex            0%         N/A       100%        6
 Shadow Creatures         Summ           N/A        N/A       100%        6
 Simulacrum               Ice/Necr       0%         N/A       100%        6
 Starburst                Conj/Fire      0%         8x6d3     100%        6
 Statue Form              Tmut/Erth      0%         N/A       100%        6
 Dragon Form              Tmut           0%         N/A       100%        7
 Monstrous Menagerie      Summ           0%         N/A       100%        7
 Ozocubu's Refrigeration  Ice            0%         4d5       100%        7
 Storm Form               Tmut/Air       0%         N/A       100%        7
 Summon Hydra             Summ           0%         N/A       100%        7
 Borgnjor's Revivificati  Necr           0%         N/A       100%        8
 Discord                  Hex            0%         N/A       100%        8
 Disjunction              Tloc           0%         N/A       100%        8
 Ignition                 Fire           0%         3d3       100%        8
 Lehudib's Crystal Spear  Conj/Erth      0%         10d2      100%        8
 Maxwell's Capacitive Co  Air            0%         āˆž       100%        8
 Necromutation            Tmut/Necr      0%         N/A       100%        8
 Death's Door             Necr           0%         N/A       100%        9
 Dragon's Call            Summ           0%         N/A       100%        9


Dungeon Overview and Level Annotations

Branches:
Dungeon (15/15)            Temple (0/1) D:7            Lair (6/6) D:8
 Shoals (4/4) Lair:2        Snake (4/4) Lair:3        Slime (0/5) Lair:5
    Orc (2/2) D:10            Elf (3/3) Orc:2        Vaults (5/5) D:14
  Crypt (0/3) Vaults:2     Depths (5/5) D:15           Hell (visited)
    Geh (1/7) Hell            Zot (5/5) Depths:5    Ossuary (visited)
 Bailey (visited)         Gauntlet (visited)
    Dis: Hell:1         Coc: Hell:1         Tar: Hell:1

Altars:
Ashenzari
Cheibriados
Dithmenos
Elyvilon
Gozag
Hepliaklqana
Nemelex Xobeh
Okawaru
Ru
Sif Muna
Trog
Vehumet
Xom
Yredelemnul
Zin
The Shining One
Lugonu

Shops:
D:4 :   D:9 *   D:14 =   Orc:2 [(:(   Elf:2 :   Elf:3 !   Shoals:2 *
Snake:2 **=[   Snake:4 =:=   Vaults:1 =(*   Vaults:2 !   Vaults:3 [
Vaults:4 [   Zot:4 **   Depths:1 :   Depths:3 ?

Portals:
Hell: Depths:1 Depths:2 Depths:3 Depths:4 Depths:5
Abyss: Lair:6 Snake:1 Depths:4 Depths:5
Pandemonium: Depths:3
Ziggurat: Depths:1

Annotations:
D:4 1040 manual bows
Lair:1 2 transporters
Depths:3 1 runed translucent door, Barug's ghost, adept TrMo
Hell Geryon; Murray
Zot:4 3 runed translucent doors, exclusion: obsidian statue, Hicanoach's ghost, master DsGl


Innate Abilities, Weirdness & Mutations

You have a pair of horns on your head.
You reflexively headbutt those who attack you in melee.
You have sharp toenails.
You possess an exceptional clarity of mind.
Your magical capacity is low. (-10% MP)
You occasionally shout uncontrollably at your foes.
You are weak. (Str -2)
You expend magic power (3 MP) to strengthen your wands.


Message History

You kill the hell knight!
Okawaru accepts your kill.
A freezing mist starts to gather...
A hell knight simulacrum comes into view.
You yell at the hell knight simulacrum!
A wight comes into view. It is wielding a +0 mace.
The hell knight hits you but does no damage.
The Brimstone Fiend hits you but does no damage. x2
You block the Brimstone Fiend's attack.
Fire: 446 arrows
Press: ? - help, Q - select action, (/) - cycle Shift-Dir - straight line, f - hell knight simulacrum
Aim: a hell knight simulacrum (90% to hit)
You shoot an arrow.
The arrow hits the hell knight simulacrum!!
The hell knight simulacrum vaporises!
The hell knight hits you but does no damage.
The wight closely misses you. You furiously retaliate!
You headbutt the wight.
You destroy the wight!
Okawaru accepts your kill.
The hell knight simulacrum hits you but does no damage.
Fire: 445 arrows
Press: ? - help, Q - select action, (/) - cycle Shift-Dir - straight line, f - hell knight simulacrum
Aim: a hell knight simulacrum (90% to hit)
You shoot an arrow.
The arrow hits the hell knight simulacrum!!!
The hell knight simulacrum vaporises!
The hell knight barely misses you. The Brimstone Fiend barely misses you.
The Brimstone Fiend hits you but does no damage. x2
Fire: 444 arrows
Press: ? - help, Q - select action, (/) - cycle Shift-Dir - straight line, f - necromancer simulacrum
Aim: a necromancer simulacrum (85% to hit)
You shoot an arrow.
The arrow hits the necromancer simulacrum!!!
The necromancer simulacrum vaporises!
The hell knight hits you from afar with a +5 vorpal glaive!
* * * LOW HITPOINT WARNING * * *
x2 The hell knight hits you but does no damage.
The Brimstone Fiend gestures at you.
The sphere of damnation explodes!
The damnation engulfs you!!
You die...

#......... ......(....
........... .
#......... (.
#.#........# )# #.
..........# (#
...........p.# )#
....#.....##ā—‹##Z##
###...#.(....pĀ°@ā—‹(.#
#.##.......#'#1)#.##
..#......##.#### #
#.......'...#
#......##.##
#.......### .
##.......## #..###.#
..##.........# ####
#..#....
..........#.####..#
#......#


You could see a Brimstone Fiend, 2 hell knights and a hell knight simulacrum.

Vanquished Creatures
  2 dread liches
  3 ancient liches (Vaults:5)
  Mennas (Vaults:3)
  Mara (Shoals:3)
  2 juggernauts (Depths:4)
  Bai Suzhen (Elf:3)
  3 Killer Klowns (Zot:1)
  5 caustic shrikes
  3 curse toes
  The ghost of Bykef the Warrior, an adept DgCj (Depths:3)
  Jory (Vaults:3)
  3 golden dragons
  The ghost of HilariousDeathArtist the Champion of Chaos, an adept CeWn of Makhleb (Vaults:4)
  3 bone dragons
  An electric golem (Zot:4)
  11 tentacled monstrosities
  2 Hell Sentinels
  Jorgrun (D:13)
  8 Orb Guardians (Zot:5)
  6 titans
  13 liches
  2 deep elf master archers (Elf:3)
  5 quicksilver dragons
  3 deep elf blademasters
  2 Executioners (Abyss:2)
  7 shadow dragons
  4 death cobs
  23 tentacled starspawn
  Polyphemus (Shoals:4)
  6 sphinxes
  The ghost of Hogiurom the Brawler, an adept TrMo of Nemelex Xobeh (Depths:3)
  5 krakens
  The ghost of gimp the Bringer of Life, an adept DDMo of Elyvilon (Snake:1)
  4 tengu reavers
  Gastronok (D:10)
  Donald (Snake:2)
  A revenant (Abyss:2)
  8 storm dragons
  4 nagarajas
  Roxanne (Shoals:2)
  8 draconian knights
  11 fire giants
  3 draconian monks
  12 deep elf sorcerers
  11 frost giants
  14 vault wardens
  A daeva (Depths:1)
  An iron dragon (Vaults:5)
  6 draconian scorchers
  3 ghost moths
  6 cacodemons
  3 balrugs
  3 draconian shifters
  Louise (Shoals:2)
  2 ghost moths (shapeshifter)
  2 deep elf elementalists (Elf:3)
  Aizul (Snake:2)
  5 draconian stormcallers
  A reaper (Abyss:2)
  4 war gargoyles (Vaults:5)
  3 spriggan defenders
  9 draconian annihilators
  31 very ugly things
  19 ironbound preservers
  10 stone giants
  12 green draconians
  5 deep elf demonologists
  5 vampire knights
  A corrupter (Abyss:3)
  2 pale draconians (Depths:5)
  4 dire elephants (Vaults:2)
  8 deep elf annihilators (Elf:3)
  10 black draconians
  3 spark wasps (Depths:4)
  A minotaur (Gauntlet)
  15 purple draconians
  8 red draconians
  9 white draconians
  2 entropy weavers (Vaults:2)
  2 blizzard demons (Abyss:3)
  An eidolon (Abyss:2)
  5 yellow draconians
  5 green deaths
  A crystal guardian (Abyss:3)
  15 merfolk impalers
  An ettin (shapeshifter) (D:13)
  Josephine (D:15)
  Snorg (Orc:1)
  8 merfolk javelineers
  3 deep elf death magi (Elf:3)
  10 ettins
  18 yaktaur captains
  2 jiangshi (Abyss:2)
  6 fire dragons
  A great orb of eyes (shapeshifter) (Vaults:5)
  9 deep elf high priests
  12 great orbs of eyes
  12 hydras
  An ice dragon (shapeshifter) (Depths:4)
  5 salamander tyrants
  A peacekeeper (Vaults:2)
  9 ice dragons
  4 rakshasas
  18 naga warriors
  A quicksilver dragon skeleton (Vaults:4)
  4 catoblepae
  Fannar (Orc:1)
  32 vault guards
  6 ironbound thunderhulks
  2 spriggan air magi
  8 ogre magi
  5 boulder beetles
  3 alligator snapping turtles
  Erica (Lair:2)
  20 centaur warriors
  28 two-headed ogres
  6 merfolk avatars
  A satyr (Shoals:3)
  7 merfolk aquamancers
  31 dancing weapons
  3 death knights
  10 anacondas
  8 hell hogs (Geh:1)
  10 deep troll shamans
  7 ironbound frosthearts
  4 vampire magi
  4 death yaks (Shoals:4)
  A satyr (shapeshifter) (Vaults:5)
  14 deep troll earth magi
  Urug (Lair:4)
  5 ironbound beastmasters
  7 tengu warriors
  A spriggan (Depths:5)
  5 spriggan berserkers
  14 naga sharpshooters
  13 shock serpents
  A shock serpent (shapeshifter) (D:13)
  A storm dragon zombie (Abyss:3)
  17 hell knights
  An iron golem (Geh:1)
  25 thrashing horrors
  3 soul eaters
  10 iron trolls
  15 deep elf knights
  3 salamander mystics
  3 spatial maelstroms
  9 sun demons
  A titan skeleton (Abyss:3)
  18 wretched stars
  4 shadow wraiths
  6 skeletal warriors
  2 fire crabs (shapeshifter)
  9 sixfirhies
  91 deep trolls
  A spriggan druid (Elf:3)
  3 swamp dragons (Depths:5)
  3 glowing orange brains
  5 flayed ghosts
  A torturous demonspawn (Abyss:3)
  7 naga ritualists
  14 sea snakes
  3 lindwurms
  12 wizards
  A golden dragon skeleton (Abyss:2)
  A shadow demon (Abyss:3)
  4 phantasmal warriors
  A tengu zombie (Vaults:4)
  44 starcursed masses
  24 ironbound convokers
  15 deep elf archers
  16 mana vipers
  4 orc knights
  19 necromancers
  9 harpies
  An orb spider (Abyss:3)
  An orb spider (shapeshifter) (Abyss:2)
  7 fauns
  24 deep elf zephyrmancers
  3 tengu skeletons (Vaults:2)
  2 wolf spider zombies (Abyss:2)
  A shining eye (Abyss:3)
  30 deep elf pyromancers
  4 orc sorcerers
  67 ugly things
  17 moths of wrath
  4 oklob plants
  14 manticores
  A glowing shapeshifter (Abyss:2)
  A manticore (shapeshifter) (Depths:2)
  A sphinx skeleton (Vaults:2)
  15 salamanders
  2 fire giant zombies
  10 cyclopes
  A wolf spider (shapeshifter) (D:15)
  2 will-o-the-wisps
  A shadow dragon skeleton (Abyss:2)
  2 fire giant skeletons (Vaults:2)
  3 stone giant skeletons
  A frost giant skeleton (Abyss:3)
  4 worldbinders
  40 black mambas
  4 apocalypse crabs
  11 merfolk sirens
  13 elephants
  23 vault sentinels
  An elephant (shapeshifter) (Elf:3)
  11 guardian serpents
  7 water nymphs
  A molten gargoyle (Depths:1)
  A guardian serpent (shapeshifter) (Abyss:2)
  A rust devil (Abyss:2)
  14 cane toads
  23 naga magi
  20 smoke demons
  13 orange demons
  3 torpor snails
  Maggie (D:10)
  A rime drake (Lair:3)
  A gargoyle (D:12)
  A hellion (Abyss:2)
  An unseen horror (Abyss:2)
  A yaktaur (shapeshifter) (Lair:6)
  9 freezing wraiths
  2 demonic crawlers (Abyss:2)
  3 ice devils
  21 yaktaurs
  16 komodo dragons
  7 tengu conjurers
  A yaktaur zombie (Vaults:3)
  4 hellwings (Abyss:2)
  A tormentor (Geh:1)
  4 efreet
  A meliai (shapeshifter) (Vaults:5)
  7 human skeletons
  23 ancient zymes
  66 merfolk
  4 red devils
  3 meliai (D:13)
  A jumping spider (Vaults:2)
  3 polar bears
  8 wind drakes
  8 trolls
  33 blink frogs
  3 hornets
  4 ettin zombies
  26 dream sheep
  20 slime creatures
  38 raiju
  8 snapping turtles
  64 large abominations
  A stone giant simulacrum (Vaults:4)
  15 flying skulls
  4 redbacks (Vaults:2)
  Sigmund (D:3)
  5 air elementals
  6 wyverns
  2 ettin skeletons
  54 yaks
  5 shadows
  5 vampires
  15 ynoxinuls
  59 small abominations
  11 wraiths
  16 water elementals
  8 humans (Zot:1)
  2 fire bats (Abyss:2)
  8 fire elementals
  14 chaos spawn
  A human (shapeshifter) (Depths:2)
  7 golden eyes
  4 steam dragons
  2 vampire mosquitoes (D:14)
  14 neqoxecs
  16 spatial vortices
  3 basilisks
  4 wargs
  50 nagas
  3 acid dragons
  19 water moccasins
  3 hell hounds (Abyss:1)
  A floating eye (Depths:5)
  A human simulacrum (Vaults:4)
  A human zombie (Vaults:3)
  4 ice beasts
  3 black bears
  25 orc warriors
  A manticore zombie (Geh:1)
  2 black bears (shapeshifter)
  7 necrophages
  A swamp dragon zombie (Geh:1)
  30 ogres
  An orc skeleton (Vaults:1)
  4 boggarts (D:14)
  24 wolves
  23 centaurs
  A snapping turtle skeleton (Abyss:2)
  An elf zombie (Ossuary)
  4 kobold brigands
  10 bullfrogs
  4 gnoll sergeants
  4 scorpions
  5 earth elementals
  A wyvern zombie (D:8)
  A water moccasin skeleton (D:6)
  A killer bee (D:10)
  29 wights
  4 electric eels
  8 howler monkeys
  A troll skeleton (Geh:1)
  5 centaur zombies
  A crimson imp (Abyss:2)
  A hound (D:6)
  9 iron imps
  A jelly (Abyss:2)
  A centaur skeleton (D:5)
  7 quasits
  A gnoll shaman (D:8)
  12 orc priests
  Jessica (D:3)
  14 hell rats
  10 iguanas
  7 orc wizards
  6 lightning spires (Abyss:3)
  4 mummies (Ossuary)
  3 howler monkey zombies
  5 adders
  6 river rats (Lair:6)
  7 gnolls
  8 white imps
  10 ufetubi
  An adder zombie (Ossuary)
  4 worms
  2 dart slugs
  67 orcs
  2 bats
  9 endoplasms
  3 giant cockroaches
  2 gnoll zombies (Ossuary)
  12 hobgoblins
  3 jackals (D:2)
  2 quokkas
  5 ball pythons
  4 frilled lizards
  6 goblins
  3 goblin zombies (Ossuary)
  A jackal skeleton (D:4)
  A jackal zombie (Ossuary)
  23 kobolds
  4 kobold zombies
  An orc zombie (Ossuary)
  13 rats
  A rat zombie (Ossuary)
  A butterfly (Lair:2)
  2 lurking horrors (Abyss:2)
  15 starspawn tentacles
  15 tentacles (Shoals:1)
2906 creatures vanquished.

Vanquished Creatures (collateral kills)
  A deep elf sorcerer (Elf:3)
  A deep elf high priest (Elf:3)
  A smoke demon (Hell)
3 creatures vanquished.

Vanquished Creatures (others)
  A draconian knight (Zot:1)
  A death knight (Abyss:3)
  An ogre mage (D:14)
  A hell hog (Geh:1)
  A black mamba (Snake:4)
  A merfolk (Shoals:1)
  A blink frog (Abyss:2)
  A raiju (Abyss:2)
  5 large abominations (Abyss:3)
  A golden eye (Abyss:2)
  A chaos spawn (Abyss:3)
  A naga (Snake:2)
  An ettin simulacrum (Abyss:3)
  2 small abominations
  A swamp dragon simulacrum (Abyss:3)
  4 wights (Geh:1)
  2 hell rats (Hell)
  An orc (Orc:2)
  13 demonic plants (Gauntlet)
  2 foxfires (Abyss:1)
  29 fungi
  4 lurking horrors (Abyss:2)
  114 plants
  37 starspawn tentacles
  34 tentacles
  14 withered plants (Gauntlet)
274 creatures vanquished.

Grand Total: 3183 creatures vanquished

Notes
Turn   | Place    | Note
-------+----------+-------------------------------------------
     0 | D:1      | robertstho the Minotaur Hunter began the quest for the Orb.
     0 | D:1      | Reached XP level 1. HP: 18/18 MP: 0/0
   478 | D:1      | Found a faded altar of an unknown god.
   584 | D:1      | Reached XP level 2. HP: 25/25 MP: 1/1
   910 | D:2      | Reached skill level 5 in Bows
  1122 | D:2      | Reached XP level 3. HP: 30/30 MP: 2/2
  2324 | D:3      | Found a shadowy altar of Dithmenos.
  2364 | D:3      | Noticed Sigmund
  2415 | D:3      | Killed Sigmund
  2416 | D:3      | Reached skill level 1 in Armour
  2416 | D:3      | Reached XP level 4. HP: 11/39 MP: 3/3
  2416 | D:3      | Reached XP level 5. HP: 13/45 MP: 4/4
  2907 | D:3      | Found an iron altar of Okawaru.
  2910 | D:3      | Noticed Jessica
  2916 | D:3      | Killed Jessica
  2917 | D:3      | Reached skill level 1 in Short Blades
  2917 | D:3      | Reached skill level 1 in Stealth
  2956 | D:3      | Became a worshipper of Warmaster Okawaru
  2987 | D:3      | Found a shimmering blue altar of Sif Muna.
  3260 | D:3      | Found a bloodstained altar of Trog.
  3589 | D:4      | Reached XP level 6. HP: 50/52 MP: 5/5
  3874 | D:4      | Reached skill level 1 in Evocations
  4172 | D:4      | Found Bejul's Book Shop.
  4231 | D:4      | Found a sparkling altar of Nemelex Xobeh.
  4258 | D:5      | Entered Level 5 of the Dungeon
  4440 | D:5      | Reached skill level 1 in Axes
  4848 | D:5      | Reached skill level 1 in Invocations
  4848 | D:5      | Reached XP level 7. HP: 59/59 MP: 6/6
  5256 | D:6      | Reached * piety under Okawaru
  5285 | D:6      | Found a sand-covered staircase.
  5290 | Ossuary  | Entered an ossuary
  5719 | D:6      | Found an opulent altar of Gozag.
  5919 | D:6      | Reached XP level 8. HP: 52/67 MP: 8/8
  6006 | D:6      | Reached ** piety under Okawaru
  6163 | D:6      | Reached skill level 5 in Fighting
  6652 | D:7      | Reached skill level 10 in Bows
  7018 | D:7      | Reached *** piety under Okawaru
  7141 | D:7      | Reached XP level 9. HP: 64/78 MP: 10/10
  7468 | D:7      | Found a staircase to the Ecumenical Temple.
  7522 | D:8      | Identified a scroll of acquirement
  7538 | D:8      | Received a gift from Okawaru
  7628 | D:8      | Acquired a +2 pair of gloves of archery
  7660 | D:8      | Reached **** piety under Okawaru
  7900 | D:8      | Found a broken altar of Ashenzari.
  7920 | D:8      | Found a snail-covered altar of Cheibriados.
  8004 | D:8      | Found a staircase to the Lair.
  8004 | D:8      | Noticed a two-headed ogre
  8012 | D:8      | Killed a two-headed ogre
  8012 | D:8      | Received a gift from Okawaru
  8013 | D:8      | Reached XP level 10. HP: 27/88 MP: 12/12
  8601 | D:8      | Paralysed by a hornet for 1 turns
  8616 | D:8      | Identified the +6 falchion of Novib {flame, Int+2}
  8759 | D:8      | Reached skill level 5 in Invocations
  8849 | D:8      | Identified the +2 morningstar "Orb Guardian's Doom" {drain,
                  | rPois Str+7}
  8887 | D:8      | Noticed a manticore
  8899 | D:8      | Killed a manticore
  8899 | D:8      | Reached ***** piety under Okawaru
  9252 | D:8      | Noticed a centaur warrior
  9273 | D:8      | Killed a centaur warrior
  9273 | D:8      | Received a gift from Okawaru
  9726 | D:8      | Reached skill level 5 in Armour
 10284 | D:9      | Found Cutu Eniu's General Store.
 10284 | D:9      | Noticed a two-headed ogre
 10292 | D:9      | Killed a two-headed ogre
 10293 | D:9      | Reached XP level 11. HP: 99/99 MP: 14/14
 10385 | D:9      | Bought a scroll of identify for 26 gold pieces
 10385 | D:9      | Bought a potion of haste for 130 gold pieces
 10385 | D:9      | Bought a scroll of teleportation for 39 gold pieces
 10385 | D:9      | Bought a potion of ambrosia for 104 gold pieces
 10637 | D:9      | Found a radiant altar of Vehumet.
 10790 | D:10     | Entered Level 10 of the Dungeon
 10818 | D:10     | Reached skill level 10 in Fighting
 10887 | D:10     | Found a hazy altar of Hepliaklqana.
 11105 | D:10     | Found a staircase to the Orcish Mines.
 11160 | D:10     | Noticed Gastronok
 11174 | D:10     | Killed Gastronok
 11174 | D:10     | Received a gift from Okawaru
 11386 | D:10     | Noticed Maggie
 11409 | D:10     | Killed Maggie
 11736 | D:10     | Reached skill level 15 in Bows
 11975 | D:11     | Identified the +4 scale mail of Pom Zink {Str+3} (Okawaru
                  | gifted it to you on level 11 of the Dungeon)
 11975 | D:11     | Received a gift from Okawaru
 12143 | D:11     | Found a flagged portal.
 12152 | Bailey   | Entered a bailey
 12332 | Bailey   | Reached XP level 12. HP: 110/110 MP: 16/16
 13145 | Bailey   | Reached XP level 13. HP: 118/118 MP: 17/17
 13809 | D:12     | Identified the ring "Qolot" {rPois rN+ Str+3 Slay+4}
 14692 | D:13     | Found a gate leading to a gauntlet.
 14695 | Gauntlet | Entered a Gauntlet
 14695 | Gauntlet | Found a transporter.
 14695 | Gauntlet | Found a transporter.
 14696 | Gauntlet | Found a transporter.
 14698 | Gauntlet | Found a transporter.
 14699 | Gauntlet | Found a transporter.
 14709 | Gauntlet | Found a transporter.
 14713 | Gauntlet | Found a transporter.
 14723 | Gauntlet | Found a transporter.
 14734 | Gauntlet | Found a transporter.
 14751 | Gauntlet | Found a transporter.
 14755 | Gauntlet | Found a transporter.
 14765 | Gauntlet | Found a transporter.
 15007 | Gauntlet | HP: 4/122 [large abomination (18)]
 15412 | Gauntlet | Identified the +1 pair of boots "Ukhlatuc" {Dex+5}
 15522 | Gauntlet | Identified the +9 war axe of the Big Fish {freeze, Will-
                  | Str+8 Dex-5}
 15522 | Gauntlet | Noticed a minotaur
 15540 | Gauntlet | Killed a minotaur
 15568 | Gauntlet | Got the Almanac of the Flying Compass
 15705 | D:13     | Noticed Jorgrun
 15724 | D:13     | Found a runed translucent door.
 15725 | D:13     | Noticed a sphinx
 15725 | D:13     | Noticed a vampire knight
 16270 | D:14     | Found a gate to the Vaults.
 16356 | D:14     | Found a sacrificial altar of Ru.
 16435 | D:14     | Found Qoohob's Jewellery Shop.
 16438 | D:14     | Bought an amulet of reflection for 480 gold pieces
 16495 | D:14     | Received a gift from Okawaru
 17443 | D:15     | Entered Level 15 of the Dungeon
 17488 | D:15     | Reached XP level 14. HP: 88/132 MP: 19/19
 17494 | D:15     | Received a gift from Okawaru
 17728 | D:15     | Reached skill level 10 in Armour
 17794 | D:15     | Noticed Josephine
 17829 | D:15     | Killed Josephine
 18029 | D:15     | Received a gift from Okawaru
 18202 | D:15     | Found a shimmering altar of Xom.
 18208 | D:15     | Found the +7 mace of Variability {chain chaos}
 18271 | D:15     | Reached ****** piety under Okawaru
 18271 | D:15     | Received a gift from Okawaru
 18852 | D:15     | Noticed a brown very ugly thing
 18858 | D:15     | Killed a brown very ugly thing
 18892 | D:15     | Paralysed by a great orb of eyes for 7 turns
 18910 | D:15     | Found a staircase to the Depths.
 19703 | D:13     | Killed Jorgrun
 19704 | D:13     | Reached skill level 1 in Shields
 19777 | D:13     | Reached skill level 15 in Fighting
 20492 | D:13     | Identified the +1 chain mail of the Red Skies {Rampage
                  | Str+2 Stlth+} (Okawaru gifted it to you on level 13 of the
                  | Dungeon)
 20492 | D:13     | Received a gift from Okawaru
 20650 | D:13     | Noticed a stone giant
 20691 | D:13     | Killed a sphinx
 20695 | D:13     | Killed a vampire knight
 20703 | D:13     | Reached XP level 15. HP: 76/141 MP: 21/21
 21252 | Lair:1   | Entered Level 1 of the Lair of Beasts
 21559 | Lair:1   | Found a transporter.
 22021 | Lair:1   | Found a transporter.
 22180 | Lair:2   | Noticed Erica
 22185 | Lair:2   | Killed Erica
 22325 | Lair:2   | Found a broken altar of Ashenzari.
 22434 | Lair:2   | Received a gift from Okawaru
 22677 | Lair:2   | Found a staircase to the Shoals.
 22919 | Lair:3   | Received a gift from Okawaru
 23049 | Lair:3   | Received a gift from Okawaru
 23428 | Lair:3   | Reached skill level 10 in Invocations
 23441 | Lair:3   | Found a staircase to the Snake Pit.
 24121 | Lair:4   | Noticed Urug
 24129 | Lair:4   | Killed Urug
 25145 | Lair:5   | Found a staircase to the Slime Pits.
 25635 | Lair:5   | Received a gift from Okawaru
 25981 | Lair:5   | Reached XP level 16. HP: 152/152 MP: 22/22
 26289 | Lair:6   | Entered Level 6 of the Lair of Beasts
 26396 | Lair:6   | Received a gift from Okawaru
 26576 | Lair:6   | Received a gift from Okawaru
 26619 | Lair:6   | Received a gift from Okawaru
 26879 | Lair:6   | Found a sacrificial altar of Ru.
 27263 | Lair:6   | Identified the ring of the Echidna {Fire rN+}
 27352 | Lair:6   | Found a corrupted altar of Lugonu.
 27352 | Lair:6   | Found a one-way gate to the infinite horrors of the Abyss.
 27706 | Orc:1    | Entered Level 1 of the Orcish Mines
 28007 | Orc:1    | Noticed Fannar
 28009 | Orc:1    | Killed Fannar
 28154 | Orc:2    | Entered Level 2 of the Orcish Mines
 28571 | Orc:2    | Received a gift from Okawaru
 28662 | Orc:2    | Found Tauwy's Weapon Shoppe.
 28663 | Orc:2    | Found Kuxzogai's Armour Shop.
 28667 | Orc:2    | Found Zinulubu's Book Shoppe.
 28667 | Orc:2    | Found Ythroeclu's Antique Weapon Boutique.
 28820 | Orc:2    | Found a staircase to the Elven Halls.
 29088 | Orc:1    | Noticed Snorg
 29092 | Orc:1    | Killed Snorg
 29772 | Snake:1  | Entered Level 1 of the Snake Pit
 29883 | Snake:1  | Found a transporter.
 29936 | Snake:1  | Noticed a Hell Sentinel
 29940 | Snake:1  | Noticed gimp's ghost (adept DDMo)
 30356 | Snake:1  | Reached XP level 17. HP: 166/166 MP: 24/24
 30457 | Snake:1  | Received a gift from Okawaru
 30602 | Snake:1  | Found a transporter.
 31109 | Snake:2  | Noticed Aizul
 31112 | Snake:2  | Killed Aizul
 31136 | Snake:2  | Found Uhakinuy's Jewellery Shoppe.
 31140 | Snake:2  | Found Tehuun's Antique Armour Shoppe.
 31140 | Snake:2  | Found Zecegin's General Store.
 31151 | Snake:2  | Found Xeschoew's Assorted Antiques.
 31151 | Snake:2  | Noticed Donald
 31156 | Snake:2  | Killed Donald
 31605 | Snake:2  | Received a gift from Okawaru
 32379 | Snake:3  | Received a gift from Okawaru
 32580 | Snake:3  | Received a gift from Okawaru
 33447 | Snake:4  | Entered Level 4 of the Snake Pit
 33480 | Snake:4  | Received a gift from Okawaru
 33496 | Snake:4  | Identified the +10 shortbow of Dominance {venom, Str+6}
                  | (Okawaru gifted it to you on level 4 of the Snake Pit)
 33496 | Snake:4  | Received a gift from Okawaru
 33989 | Snake:4  | Reached skill level 15 in Armour
 34152 | Snake:4  | Reached XP level 18. HP: 152/178 MP: 26/26
 34152 | Snake:4  | Received a gift from Okawaru
 34192 | Snake:4  | Identified the +5 ring mail of the Durable Grue {Dex+3
                  | Stlth+} (Okawaru gifted it to you on level 4 of the Snake
                  | Pit)
 34192 | Snake:4  | Received a gift from Okawaru
 34217 | Snake:4  | Got a serpentine rune of Zot
 34918 | Snake:4  | Found Vevur's Magic Scroll Shop.
 36036 | Snake:4  | Found Ifiumeon's Jewellery Emporium.
 36036 | Snake:4  | Found Qokicvu's Book Boutique.
 36037 | Snake:4  | Found Quva's Jewellery Emporium.
 36312 | Shoals:1 | Entered Level 1 of the Shoals
 36961 | Shoals:1 | Identified the +1 robe "Ythram" {Dex+4} (Okawaru gifted it
                  | to you on level 1 of the Shoals)
 36961 | Shoals:1 | Received a gift from Okawaru
 37184 | Shoals:1 | Identified the +8 dagger "Xooledd" {vorpal, +Blink rF+ rN+}
 37962 | Shoals:1 | Got the Papyrus of Frigorific Toxins
 39112 | Shoals:2 | Noticed Louise
 39132 | Shoals:2 | Killed Louise
 39426 | Shoals:2 | Reached XP level 19. HP: 190/190 MP: 27/27
 39434 | Shoals:2 | Found Irumuf's General Store.
 39459 | Shoals:2 | Noticed Roxanne
 39475 | Shoals:2 | Killed Roxanne
 40366 | Shoals:3 | Noticed Mara
 40376 | Shoals:3 | Killed Mara
 40376 | Shoals:3 | Identified the +2 pair of boots of the Princess {rC- rN+++
                  | Dex-3 SInv} (Okawaru gifted it to you on level 3 of the
                  | Shoals)
 40376 | Shoals:3 | Received a gift from Okawaru
 41394 | Shoals:4 | Entered Level 4 of the Shoals
 42454 | Shoals:4 | Noticed Polyphemus
 42463 | Shoals:4 | Killed Polyphemus
 42655 | Shoals:4 | Received a gift from Okawaru
 43351 | Shoals:4 | Got a barnacled rune of Zot
 43683 | Elf:1    | Entered Level 1 of the Elven Halls
 43863 | Elf:1    | Received a gift from Okawaru
 44103 | Elf:1    | Reached XP level 20. HP: 202/202 MP: 29/29
 44137 | Elf:1    | Paralysed by an air elemental for 1 turns
 44140 | Elf:1    | Paralysed by an air elemental for 1 turns
 45630 | Elf:2    | Found Voliabut's Book Boutique.
 45697 | Elf:2    | Found a huge runed translucent gate.
 45697 | Elf:2    | Found a huge runed translucent gate.
 45697 | Elf:2    | Found a huge runed translucent gate.
 45698 | Elf:2    | Found a huge runed translucent gate.
 45701 | Elf:2    | Found a huge runed translucent gate.
 46441 | Elf:2    | Received a gift from Okawaru
 46596 | Elf:3    | Entered Level 3 of the Elven Halls
 47394 | Elf:3    | Noticed Bai Suzhen
 47414 | Elf:3    | Killed Bai Suzhen
 47692 | Elf:3    | Found Ehyfops's Distillery.
 47717 | Elf:3    | Bought a potion of curing for 51 gold pieces
 47717 | Elf:3    | Bought a potion of curing for 51 gold pieces
 47717 | Elf:3    | Bought a potion of curing for 51 gold pieces
 47717 | Elf:3    | Bought a potion of curing for 51 gold pieces
 47717 | Elf:3    | Bought a potion of invisibility for 136 gold pieces
 47717 | Elf:3    | Bought a potion of invisibility for 136 gold pieces
 47816 | Elf:3    | Paralysed by an air elemental for 1 turns
 47912 | Elf:3    | Received a gift from Okawaru
 48476 | Elf:3    | Reached XP level 21. HP: 214/214 MP: 30/30
 48490 | Elf:3    | Cast into level 2 of the Abyss (a deep elf sorcerer)
 48928 | Elf:3    | Escaped the Abyss
 48941 | Elf:3    | Paralysed by an air elemental for 1 turns
 48946 | Elf:3    | Paralysed by an air elemental for 1 turns
 48949 | Elf:3    | Paralysed by an air elemental for 1 turns
 48987 | Elf:3    | HP: 10/214 [deep elf high priest/damnation (21)]
 49589 | Elf:3    | Identified the ring of the Quahog {rPois rC+ rN+ Will+
                  | Int+3}
 49619 | Elf:3    | Identified the +10 plate armour of Ashenzari's Pride {rCorr
                  | Str+4 Int+3}
 49646 | Elf:3    | Found the +8 mithril axe "Arga" {speed, Will+}
 49650 | Elf:3    | Got the Catalogue of Quantum Companions
 49660 | Elf:3    | Identified the +5 glaive "Weho" {venom, Int+2 Dex+5 SInv}
 49719 | Elf:3    | Found the +3 giant club "Skullcrusher" {speed, Str+7}
 49739 | Elf:3    | Identified the +5 shortbow "Xuyd" {venom, rC+ Str+4}
                  | (Okawaru gifted it to you on level 3 of the Elven Halls)
 49739 | Elf:3    | Received a gift from Okawaru
 49747 | Elf:3    | Identified the ring of Recklessness {rElec rCorr Int+2}
 49760 | Elf:3    | Identified the ring "Oshrath" {rF+ SInv}
 50155 | Vaults:1 | Entered Level 1 of the Vaults
 50641 | Vaults:1 | Found Movies's Weapon Boutique.
 50660 | Vaults:1 | Bought 23 arrows for 69 gold pieces
 50743 | Vaults:1 | Found Xinysk's Jewellery Boutique.
 51357 | Vaults:1 | Received a gift from Okawaru
 51388 | Vaults:1 | Reached skill level 5 in Dodging
 51958 | Vaults:1 | Found Juumm's Assorted Antiques.
 51975 | Vaults:1 | Found Misaf's Distillery.
 51996 | Vaults:1 | You are sucked into a shaft and drop 1 floor!
 52023 | Vaults:2 | Received a gift from Okawaru
 52538 | Vaults:2 | Identified the +6 shortbow "Zapsuped" {flame, Int+4 Dex+4}
                  | (Okawaru gifted it to you on level 2 of the Vaults)
 52538 | Vaults:2 | Received a gift from Okawaru
 52557 | Vaults:2 | Reached XP level 22. HP: 164/226 MP: 31/31
 53282 | Vaults:2 | Found Vore's Distillery.
 53292 | Vaults:2 | Bought a potion of heal wounds for 70 gold pieces
 53292 | Vaults:2 | Bought a potion of haste for 140 gold pieces
 53292 | Vaults:2 | Bought a potion of haste for 140 gold pieces
 53292 | Vaults:2 | Bought a potion of haste for 140 gold pieces
 53292 | Vaults:2 | Bought a potion of invisibility for 112 gold pieces
 53292 | Vaults:2 | Bought a potion of heal wounds for 70 gold pieces
 53456 | Vaults:2 | Cast into level 2 of the Abyss (a wizard)
 53468 | Abyss:2  | Found a corrupted altar of Lugonu.
 53498 | Abyss:2  | Gained mutation: You have sharp toenails. [a neqoxec]
 53500 | Abyss:2  | Gained mutation: You are frail. (-10% HP) [a neqoxec]
 53618 | Abyss:2  | Received a gift from Okawaru
 53822 | Vaults:2 | Escaped the Abyss
 54084 | Vaults:2 | Received a gift from Okawaru
 54218 | Vaults:2 | Found a staircase to the Crypt.
 56036 | Vaults:3 | Noticed Mennas
 56168 | Vaults:3 | Killed Mennas
 56169 | Vaults:3 | Reached skill level 5 in Shields
 56403 | Vaults:3 | Reached skill level 15 in Invocations
 56426 | Vaults:3 | Received a gift from Okawaru
 56617 | Vaults:3 | Noticed Jory
 56649 | Vaults:3 | Killed Jory
 56852 | Vaults:3 | Found Jeowaqog's Armour Shoppe.
 57127 | Vaults:3 | Paralysed by a sphinx for 4 turns
 57853 | Vaults:4 | Identified the +2 robe of the Nine Ghosts {Rampage +Blink
                  | Int+4} (Okawaru gifted it to you on level 4 of the Vaults)
 57853 | Vaults:4 | Received a gift from Okawaru
 58067 | Vaults:4 | Reached XP level 23. HP: 212/212 MP: 33/33
 58835 | Vaults:4 | Found a runed translucent door.
 58837 | Vaults:4 | Noticed HilariousDeathArtist's ghost (adept CeWn)
 58923 | Vaults:4 | Paralysed by a great orb of eyes for 5 turns
 59548 | Vaults:4 | Found Vaubub's Armour Shoppe.
 59677 | Vaults:4 | Killed HilariousDeathArtist's ghost
 59730 | Vaults:5 | Entered Level 5 of the Vaults
 60374 | Vaults:4 | Reached skill level 27 in Bows
 60429 | Vaults:4 | Received a gift from Okawaru
 61594 | Vaults:5 | Reached skill level 27 in Fighting
 61825 | Vaults:5 | Received a gift from Okawaru
 61894 | Vaults:5 | Found the +6 arbalest "Damnation" {damnation}
 62209 | Vaults:5 | Identified the ring of Cedull {Fire rN+++ Will- MP-9}
 62306 | Vaults:5 | Reached XP level 24. HP: 108/224 MP: 34/34
 62313 | Vaults:5 | Identified the amulet of Bugyul {Spirit rCorr}
 62376 | Vaults:5 | Noticed an ancient lich
 62384 | Vaults:5 | Killed an ancient lich
 62384 | Vaults:5 | Received a gift from Okawaru
 62489 | Vaults:5 | Noticed an ancient lich
 62494 | Vaults:5 | Killed an ancient lich
 62650 | Vaults:5 | Identified the ring "Amudi" {AC+4 Dex+5}
 62695 | Vaults:5 | Noticed an ancient lich
 62700 | Vaults:5 | Killed an ancient lich
 63062 | Vaults:5 | Identified the +5 leather armour of the Bagpipe {Dex+3}
 63521 | Vaults:5 | Identified the +0 spear of Judgement {venom, rElec Int+2}
 63524 | Vaults:5 | Got a silver rune of Zot
 63537 | Vaults:5 | Identified the +3 scale mail "Esoblam" {Rampage rElec
                  | Str-5}
 63909 | Vaults:5 | Received a gift from Okawaru
 64626 | Depths:1 | Entered Level 1 of the Depths
 64626 | Depths:1 | Found a gateway to a ziggurat.
 64659 | Depths:1 | Found Ysusoe's Book Boutique.
 64684 | Depths:1 | Received a gift from Okawaru
 65509 | Depths:1 | Found a gateway to Hell.
 66041 | Snake:2  | Bought 2 potions of curing for 162 gold pieces
 67089 | Depths:2 | Found a glowing golden altar of the Shining One.
 67089 | Depths:2 | Found a glowing silver altar of Zin.
 67089 | Depths:2 | Found a white marble altar of Elyvilon.
 67251 | Depths:2 | Found a sacrificial altar of Ru.
 67259 | Depths:2 | Received a gift from Okawaru
 67261 | Depths:2 | Found a glowing silver altar of Zin.
 67261 | Depths:2 | Found a basalt altar of Yredelemnul.
 67261 | Depths:2 | Found a basalt altar of Yredelemnul.
 67481 | Depths:2 | Reached XP level 25. HP: 199/231 MP: 34/34
 67883 | Depths:2 | Found a white marble altar of Elyvilon.
 67885 | Depths:2 | Found a glowing silver altar of Zin.
 68363 | Elf:3    | Bought a potion of haste for 170 gold pieces
 68641 | Snake:1  | Cast into level 2 of the Abyss (a wizard)
 68886 | Abyss:3  | Found a corrupted altar of Lugonu.
 68946 | Snake:1  | Escaped the Abyss
 68983 | Snake:1  | Killed gimp's ghost
 69915 | Depths:3 | Found Riqen's Magic Scroll Shop.
 69923 | Depths:3 | Bought a scroll of blinking for 157 gold pieces
 69923 | Depths:3 | Bought a scroll of teleportation for 63 gold pieces
 69923 | Depths:3 | Bought a scroll of teleportation for 63 gold pieces
 70029 | Depths:3 | Found a one-way gate leading to the halls of Pandemonium.
 70658 | Depths:3 | Reached skill level 10 in Shields
 70733 | Depths:3 | Found a sparkling altar of Nemelex Xobeh.
 70963 | Depths:3 | Found a runed translucent door.
 70969 | Depths:3 | Noticed Hogiurom's ghost (adept TrMo)
 71135 | Depths:3 | Killed Hogiurom's ghost
 71158 | Depths:3 | Found a runed translucent door.
 71162 | Depths:3 | Noticed Bykef's ghost (adept DgCj)
 71187 | Depths:3 | Killed Bykef's ghost
 71194 | Depths:3 | Received a gift from Okawaru
 71529 | Depths:3 | Found a runed translucent door.
 71529 | Depths:3 | Noticed Barug's ghost (adept TrMo)
 71675 | Depths:4 | Found a corrupted altar of Lugonu.
 71890 | Depths:4 | Reached skill level 5 in Stealth
 72240 | Depths:4 | You fall into a shaft and drop 1 floor!
 72240 | Depths:5 | Entered Level 5 of the Depths
 73294 | Depths:5 | Reached XP level 26. HP: 206/239 MP: 35/35
 73523 | Depths:5 | Received a gift from Okawaru
 74039 | Depths:5 | Received a gift from Okawaru
 74183 | Depths:5 | Found a gate to the Realm of Zot.
 74457 | Depths:4 | Noticed a juggernaut
 74464 | Depths:4 | Killed a juggernaut
 74464 | Depths:4 | Received a gift from Okawaru
 74465 | Depths:4 | Noticed a juggernaut
 74472 | Depths:4 | Killed a juggernaut
 74472 | Depths:4 | Identified the +1 pair of boots "Xumuptik" {Harm rPois
                  | Regen+ Dex-3} (Okawaru gifted it to you on level 4 of the
                  | Depths)
 74472 | Depths:4 | Received a gift from Okawaru
 75340 | Zot:1    | Entered Level 1 of the Realm of Zot
 75486 | Zot:1    | You fall into a shaft and drop 1 floor!
 78038 | Zot:1    | Received a gift from Okawaru
 79807 | Depths:3 | Bought a scroll of enchant armour for 157 gold pieces
 79807 | Depths:3 | Bought a scroll of enchant armour for 157 gold pieces
 80104 | Zot:2    | Reached XP level 27. HP: 183/245 MP: 35/35
 80675 | Zot:3    | Identified the +6 hand axe of the Smoking Oracle {vorpal,
                  | Int+3}
 81906 | Zot:3    | Noticed a dread lich
 81914 | Zot:3    | Paralysed by a dread lich for 2 turns
 81919 | Zot:3    | Killed a dread lich
 81919 | Zot:3    | Received a gift from Okawaru
 81943 | Zot:3    | Got the Tome of the Scorching Frostbite
 82160 | Zot:3    | Reached skill level 27 in Armour
 83396 | Zot:4    | Received a gift from Okawaru
 83639 | Zot:4    | Received a gift from Okawaru
 83640 | Zot:4    | Reached skill level 15 in Shields
 83678 | Zot:4    | Found a runed translucent gate.
 83679 | Zot:4    | Found a runed translucent gate.
 83679 | Zot:4    | Found an opulent altar of Gozag.
 83681 | Zot:4    | Found a runed translucent gate.
 83689 | Zot:4    | Found Mietu's Assorted Antiques.
 83689 | Zot:4    | Noticed Hicanoach's ghost (master DsGl)
 83690 | Zot:4    | Found Waicerch's Assorted Antiques.
 84998 | Zot:5    | Entered Level 5 of the Realm of Zot
 85752 | Zot:5    | Noticed a dread lich
 85753 | Zot:5    | Noticed a dread lich
 85764 | Zot:5    | Paralysed by a dread lich for 7 turns
 86379 | Depths:5 | Voluntarily entered the Abyss.
 86575 | Abyss:1  | Noticed a dread lich
 86584 | Abyss:1  | Killed a dread lich
 86718 | Abyss:1  | Identified the +4 pair of boots "Piehoyla" {-Tele rPois rF+
                  | rN+++} (Okawaru gifted it to you on level 1 of the Abyss)
 86718 | Abyss:1  | Received a gift from Okawaru
 87132 | Abyss:2  | Paralysed by accursed screaming for 1 turns
 87427 | Abyss:2  | Gained mutation: You are very frail. (-20% HP) [a neqoxec]
 87993 | Abyss:2  | Found a corrupted altar of Lugonu.
 88752 | Abyss:2  | Gained mutation: You possess an exceptional clarity of
                  | mind. [a neqoxec]
 89112 | Abyss:3  | Found a corrupted altar of Lugonu.
 89177 | Abyss:3  | Received a gift from Okawaru
 89580 | Abyss:3  | Identified the +0 ring mail of Poasocis {Will+} (Okawaru
                  | gifted it to you on level 3 of the Abyss)
 89580 | Abyss:3  | Received a gift from Okawaru
 90170 | Abyss:3  | Got an abyssal rune of Zot
 90334 | Abyss:3  | Gained mutation: You are weak. (Str -2) [a cacodemon]
 90337 | Abyss:3  | Gained mutation: You sometimes lose the ability to read
                  | scrolls when taking damage. [a cacodemon]
 90805 | Depths:5 | Escaped the Abyss
 90810 | Hell     | Entered the Vestibule of Hell
 90810 | Hell     | Noticed Geryon
 90849 | Hell     | Lost mutation: You sometimes lose the ability to read
                  | scrolls when taking damage. [potion of mutation]
 90849 | Hell     | Lost mutation: You are very frail. (-20% HP) [potion of
                  | mutation]
 90849 | Hell     | Lost mutation: You are frail. (-10% HP) [potion of
                  | mutation]
 90849 | Hell     | Gained mutation: Your magical capacity is low. (-10% MP)
                  | [potion of mutation]
 90849 | Hell     | Gained mutation: You occasionally shout uncontrollably at
                  | your foes. [potion of mutation]
 90849 | Hell     | Gained mutation: You expend magic power (3 MP) to
                  | strengthen your wands. [potion of mutation]
 90859 | Hell     | Found a gateway to the ashen valley of Gehenna.
 90861 | Hell     | Cast into level 2 of the Abyss (reaper)
 91213 | Abyss:2  | Paralysed by accursed screaming for 1 turns
 91290 | Hell     | Escaped the Abyss
 91291 | Hell     | Noticed Murray
 91300 | Geh:1    | Entered Level 1 of Gehenna
 91360 | Geh:1    | HP: 9/273 [??? (6)]
 91367 | Geh:1    | HP: 10/273 [sun demon[a balrug] (5)]
 92256 | Geh:1    | Received a gift from Okawaru
 92324 | Geh:1    | Killed from afar by a Brimstone Fiend

Illustrated notes

Levels and vault maps discovered:
D:1:      lightli_arrival_flooded_house, layout_loops_corners,
          hellmonk_ecumenical_altar_pennies_from_heaven
D:2:      wander_river, layout_basic
D:3:      layout_loops_corners, trog_three_pillars_becter, lemuel_tele_altar,
          okawaru_gym_becter, overflow_temple_1_default, uniq_sigmund,
          uniq_jessica
D:4:      layout_loops_ring, kennysheep_little_box, serial_shops,
          nicolae_lakefront_shop, chequers_serial_rivers_micro_d
D:5:      black_bear_nest_1, layout_basic, serial_bayou, serial_bayou_pond_c,
          serial_bayou_lagoon_a, serial_bayou_shore_a, serial_bayou_ford_a
D:6:      layout_gridville, grunt_gozag_breadcrumbs,
          nicolae_overflow_hidden_temple, nicolae_ossuary_entry_plus
D:7:      layout_basic, temple_hall
D:8:      minmay_imperfect_grid, layout_gridville,
          mainiacjoe_overflow_small_starburst, cheibrodos_ashenzari_chains,
          david_lair_shrubbed
D:9:      layout_rooms, nicolae_vehumet_radiance, serial_shops,
          nicolae_stop_n_shop_1
D:10:     layout_basic, mainiacjoe_overflow_surrounded_room, hiddenorc1_lemuel,
          minivault_25_ag, chequers_serial_rivers_micro_c, disabler_island,
          uniq_maggie, uniq_gastronok
D:11:     layout_rooms, enter_bailey_2, nicolae_twisting_strands,
          minmay_splitting_lines
D:12:     layout_roguey
D:13:     layout_cave_pools, gauntlet_entry_generic, minmay_hidden_floor,
          uniq_jorgrun
D:14:     layout_long_grid, david_vaults_2, serial_bayou_pond_b, serial_shops,
          kennysheep_mini, nicolae_ru_sacrificial_ziggurat
D:15:     gammafunk_enter_depths_forms, layout_irregular_city,
          minmay_tree_intersection, minmay_guarded_unrand_variability,
          uniq_josephine
Lair:1:   gammafunk_cloud_chamber, layout_regular_city, beast_lair_carwin_3,
          minmay_lair_oklob_chamber
Lair:2:   beast_lair_carwin_large_4, layout_loops_ring,
          elwin_shoals_entry_rocks, lemuel_oklob_altar, grunt_megastairs_5,
          lemuel_fruit_fields, uniq_erica
Lair:3:   layout_chaotic_city, guppyfry_snake_entry_garden, lemuel_fruit_tree
Lair:4:   layout_roguey, lemuel_fruit_fields, uniq_urug
Lair:5:   nzn_winding_woodlands_medium [nzn_winding_woodlands_5x5_default,
          nzn_winding_woodlands_5x15_lazy_stream,
          nzn_winding_woodlands_hourglass, nzn_winding_woodlands_5x5_three,
          nzn_winding_woodlands_center_lodge,
          nzn_winding_woodlands_5x5_checkerboard,
          nzn_winding_woodlands_5x5_perimeter, nzn_winding_woodlands_5x15_eye,
          nzn_winding_woodlands_5x5_open_star], layout_loops_ring, slime_dummy,
          nzn_random_ring
Lair:6:   hellmonk_lair_end_abyssal_woods, layout_gridlike, basic_altar,
          kennysheep_abandoned_house
Shoals:1: nicolae_shoals_lighthouse, layout_shoals, st_sunken_huts
Shoals:2: layout_shoals, serial_shops, shop, uniq_roxanne, uniq_louise
Shoals:3: layout_shoals, uniq_mara
Shoals:4: shoals_end_hangedman, layout_shoals, uniq_polyphemus
Snake:1:  layout_layer_cave, gammafunk_ghost_abyssal_escape, grunt_megastairs_4
Snake:2:  layout_rooms, evilmike_ambush [evilmike_ambush_outer_basic,
          evilmike_ambush_inner_wall_1], minmay_shoptagon, uniq_aizul,
          uniq_donald
Snake:3:  cheibrodos_snake_ritualist_ritual, layout_concentric_octagons,
          grunt_megastairs_1
Snake:4:  grunt_snake_rune_serpentine_throne, layout_rooms, serial_shops, shop,
          st_stairs_1, grunt_megastairs_2, minmay_shop_grove
Orc:1:    layout_diamond_mine, uniq_snorg, uniq_fannar
Orc:2:    st_orc_ogre_mass, layout_caves
Elf:1:    eino_elf_arrival_sip, layout_loops_cross, evilmike_minifort,
          minivault_26
Elf:2:    elven_hall_of_blades_hangedman_alternative
          [nicolae_blade_entry_hurt_lockers], layout_geoelf_octagon,
          serial_shops, nicolae_shop_window_shopping
Elf:3:    minmay_elf_hall_hex, layout_geoelf_castle, serial_shops,
          nicolae_shop_behind_doors, kilobyte_rumbling_trees, uniq_bai_suzhen
Vaults:1: v_pattern_1, nicolae_vaults_rhombus_5, ontoclasm_vaults_spin,
          nicolae_vaults_asterisk, nicolae_vaults_know_your_exits,
          vaults_room_grid, nicolae_vaults_windows_and_doors_thing,
          hangedman_vaults_slice, ontoclasm_vaults_twist,
          ontoclasm_vaults_idyll, v_misc_3, ontoclasm_vaults_gateway,
          hangedman_vaults_variations, layout_vaults_omnicross, serial_shops,
          shop, shop, shop, shop
Vaults:2: minmay_crypt_entry_skeletal_spiral, nicolae_vaults_rhombus_7,
          v_rooms_4, vaults_room_grid, nicolae_vaults_circle_grid_a,
          v_alt_pattern_1, nicolae_vaults_ninety_degrees, vaults_room_octagon,
          hangedman_vaults_stream, v_misc_31, v_misc_5, nicolae_vaults_asterisk,
          layout_vaults_omnigrid, serial_shops, nicolae_shop_window_shopping
Vaults:3: hangedman_vaults_impose, hangedman_vaults_snaps,
          nicolae_vaults_stairing_the_circle, v_misc_8, hangedman_vaults_nodes,
          v_alt_pattern_4, vaults_mumra_lcd, vaults_room_ringed_pool,
          hangedman_vaults_stretched_pinwheel, nicolae_vaults_border_crossing,
          nicolae_vaults_little_squares_6, nicolae_vaults_specimen_jars,
          hangedman_vaults_slice, layout_vaults_omnibox, serial_shops,
          nicolae_square_shop, uniq_jory, uniq_mennas
Vaults:4: ebering_vaults_ghost_reflecting_pool, nicolae_vaults_asterisk,
          v_misc_30, nicolae_vaults_an_arrangement,
          ontoclasm_vaults_decontamination, v_misc_12, v_pattern_2, v_misc_17,
          ontoclasm_vaults_eye, v_misc_10, hangedman_vaults_stitches,
          nicolae_vaults_shelves_hall, ontoclasm_vaults_ring_square,
          nicolae_vaults_circle_grid_a, v_misc_14, layout_vaults_maze,
          serial_shops, nicolae_shop_stone
Vaults:5
Depths:1: layout_cave_pools, enter_ziggurat_c, serial_shops, nicolae_shop_trees,
          hellmouth_1, lemuel_flame_loot_1
Depths:2: minmay_the_grid_octo_tiled_octocenter
          [minmay_the_grid_octo_fan_narrow, minmay_the_grid_octo_shrine,
          minmay_the_grid_octo_vomiting_pacman, minmay_the_grid_octo_toaster,
          minmay_the_grid_octo_prize_single_spiral,
          minmay_the_grid_square_5x5_minimal, minmay_the_grid_square_5x5_comb,
          minmay_the_grid_square_5x5_half_checkered,
          minmay_the_grid_square_5x5_spiral_small], layout_cave_shapes,
          good_gods_mini_temple, lightli_too_deep, st_stairs_6, minivault_11
Depths:3: kennysheep_ambush_hall, layout_gridlike, serial_shops, shop,
          grunt_hell_entry_dis_old, nemelex_altar_shiori, pan_entry,
          muffindrake_ghost_three_little_ghosts
Depths:4: minmay_dotted_concentric_squares, layout_cave_pools, hell_entry,
          abyss_entry_flame_altar, kennysheep_nub
Depths:5: evilmike_zot_entry_gauntlet, layout_twisted_cross, abyss_entry,
          serial_sigils, serial_sigils_hangedman_gnaw,
          serial_sigils_hangedman_quiver, serial_sigils_hangedman_shear,
          serial_sigils_hangedman_stare, serial_sigils_hangedman_carve,
          serial_sigils_hangedman_clutch, hell_entry
Hell
Geh:1:    layout_gehenna_pools_triple
Zot:1:    circus_mu, layout_basic, hangedman_zot_decor_tridents
Zot:2:    kennysheep_blocky_hall, layout_onion_interference
Zot:3:    layout_gridlike, lemuel_lich_library
Zot:4:    layout_gridlike, ebering_ghost_gozag
Zot:5:    layout_cathedral_of_symmetry, lemuel_baited_zot_trap,
          grunt_ministairs_13, nicolae_zot_crop_circle

Skill      XL: |  1  2  3  4  5  6  7  8  9 10 11 12 13 14 15 16 17 18 19 20 21 22 23 24 25 26 27 |
---------------+----------------------------------------------------------------------------------+-----
Bows           | 5 6 7 9 10 12 13 15 17 18 20 21 22 23 24 25 26 27 | 27.0
Fighting       | 3 4 6 8 9 11 12 14 15 16 18 20 21 22 24 25 26 27 | 27.0
Armour         | 1 2 3 5 6 8 9 11 12 13 15 16 17 19 21 24 26 27 | 27.0
Short Blades   | 1 |  1.0
Stealth        | 1 2 3 5 |  5.6
Evocations     | 1 2 3 |  3.3
Axes           | 2 |  2.6
Invocations    | 1 2 3 4 5 6 7 8 9 10 11 12 13 14 15 16 17 18 22 | 22.1
Dodging        | 3 4 5 6 7 8 9 |  9.5
Long Blades    | 3 |  3.2
Maces & Flails | 2 |  2.0
Shields        | 1 2 3 4 5 6 9 11 13 22 | 22.3

Action                   |  1- 3 |  4- 6 |  7- 9 | 10-12 | 13-15 | 16-18 | 19-21 | 22-24 | 25-27 || total
-------------------------+-------+-------+-------+-------+-------+-------+-------+-------+-------++-------
Melee: Short sword       |    33 |    11 |       |       |       |       |       |       |       ||    44
       Headbutt          |     9 |     8 |       |       |       |       |       |       |     1 ||    18
       War axe           |       |    37 |       |       |       |       |       |       |       ||    37
       Longbow           |       |       |       |       |       |       |       |       |     1 ||     1
 Fire: Shortbow          |   103 |    61 |   333 |   553 |   265 |   766 |  1335 |       |       ||  3416
       Longbow           |       |       |       |       |   735 |   741 |   405 |  1654 |  3223 ||  6758
Invok: Heroism           |       |       |     3 |     6 |     8 |     4 |     3 |     1 |     2 ||    27
       Finesse           |       |       |       |       |     4 |       |       |     1 |     1 ||     6
Evoke: Wand              |     9 |       |     1 |     2 |     1 |       |       |     1 |       ||    14
       Lightning rod     |       |       |       |       |     4 |       |       |       |       ||     4
       Phantom mirror    |       |       |       |       |     1 |       |       |       |       ||     1
       Condenser vane    |       |       |       |       |       |       |     1 |     1 |     1 ||     3
  Use: Scroll            |     3 |       |    12 |     8 |     9 |     7 |     5 |     8 |    16 ||    68
       Potion            |     3 |       |     2 |     3 |     8 |    10 |     5 |     2 |    24 ||    57
Armor: Ring mail         |    25 |    26 |     3 |       |       |       |       |       |       ||    54
       Skin              |     8 |       |       |       |       |       |       |       |       ||     8
       Chain mail        |       |       |   101 |    65 |       |       |       |       |       ||   166
       Scale mail        |       |       |       |    12 |    44 |       |       |       |       ||    56
       Plate armour      |       |       |       |       |   202 |   197 |   180 |   396 |   265 ||  1240
       Crystal plate arm |       |       |       |       |       |       |   143 |       |       ||   143
       Gold dragon scale |       |       |       |       |       |       |       |       |   628 ||   628
Dodge: Dodged            |    46 |    32 |   109 |    93 |   151 |   152 |   201 |   204 |   580 ||  1568
       Repelled          |       |     2 |     1 |     5 |     6 |    15 |     8 |     3 |    36 ||    76
Block: Other             |       |       |       |       |    36 |    65 |    82 |   104 |   210 ||   497
       Reflection        |       |       |       |       |    12 |     8 |    19 |     5 |     2 ||    46
